 Dungeon Crawl Stone Soup version 0.26.1-10-gdfb7c7de75 (webtiles) character file.

Game seed: 13157568978176811186

178 Almogavar the Fighter (level 5, -2/51 HPs)
             Began as a Gnoll Wanderer on Apr 12, 2021.
             Slain by an orc wizard
             ... wielding a +3 dagger of holy wrath
              (4 damage)
             ... on level 3 of the Dungeon.
             The game lasted 00:12:38 (3967 turns).

Almogavar the Fighter (Gnoll Wanderer)              Turns: 3967, Time: 00:12:39

Health: -2/51      AC:  5    Str: 13    XL:     5   Next: 58%
Magic:  2/7        EV: 12    Int: 17    God:
Gold:   107        SH:  0    Dex: 10    Spells: 6/7 levels left

rFire    . . .     SeeInvis .   n - staff of death
rCold    + . .     Faith    +   (no shield)
rNeg     + . .     Spirit   .   d - +0 robe
rPois    .         Reflect  .   v - +2 helmet
rElec    .         Harm     .   (no cloak)
rCorr    .         Rampage  .   (no gloves)
Will     .....                  (no boots)
Stlth    ++........             p - amulet of faith (curse)
HPRegen  0.17/turn              m - -4 ring of dexterity (curse)
MPRegen  0.10/turn              u - ring of protection from cold

@: no status effects
A: distributed training, fangs 1, strong nose
a: no special abilities


You were on level 3 of the Dungeon.
You visited 1 branch of the dungeon, and saw 4 of its levels.

You collected 107 gold pieces.

Inventory:

Hand Weapons
 a - a +0 spear
 q - a +0 dagger of venom
Armour
 d - a +0 robe (worn)
 v - a +2 helmet (worn)
Magical Staves
 n - an uncursed staff of death (weapon)
Jewellery
 f - an uncursed amulet of guardian spirit
 m - a cursed -4 ring of dexterity (left hand)
 p - a cursed amulet of faith (around neck)
 t - an uncursed ring of protection from fire
 u - a ring of protection from cold (right hand)
Scrolls
 c - 4 scrolls of teleportation
 k - a scroll of enchant armour
 x - a scroll of fear
Potions
 b - 3 potions of attraction {unknown}
 e - a potion of haste {unknown}
 g - 2 potions of degeneration {unknown}
 h - a potion of might {unknown}
 i - 4 potions of mutation {unknown}
 j - a potion of lignification {unknown}
 l - 4 potions of heal wounds {unknown}
 o - a potion of ambrosia {unknown}
 r - a potion of magic {unknown}
 s - a potion of flight {unknown}
 w - a potion of curing {unknown}


   Skills:
 + Level 8.6 Fighting
 + Level 1.5 Short Blades
 + Level 1.5 Long Blades
 + Level 1.5 Axes
 + Level 1.5 Maces & Flails
 + Level 1.5 Polearms
 + Level 1.5 Staves
 + Level 1.5 Slings
 + Level 1.5 Bows
 + Level 1.5 Crossbows
 + Level 1.5 Throwing
 + Level 1.5 Armour
 + Level 3.0 Dodging
 + Level 1.5 Stealth
 + Level 3.0 Shields
 + Level 1.5 Unarmed Combat
 + Level 1.5 Spellcasting
 + Level 1.2 Conjurations
 + Level 1.2 Hexes
 + Level 1.2 Summonings
 + Level 1.2 Necromancy
 + Level 1.2 Translocations
 + Level 1.2 Transmutations
 + Level 5.5 Fire Magic
 + Level 1.2 Ice Magic
 + Level 1.2 Air Magic
 + Level 1.2 Earth Magic
 + Level 1.2 Poison Magic
 + Level 1.7 Invocations
 + Level 3.0 Evocations


You had 6 spell levels left.
You knew the following spells:

 Your Spells              Type           Power        Failure   Level
a - Foxfire               Conj/Fire      48%          4%          1

Your spell library contained the following spells:

 Spells                   Type           Power        Failure   Level
 Conjure Flame            Conj/Fire      12%          16%         3
 Inner Flame              Hex/Fire       12%          16%         3
 Sticky Flame             Conj/Fire      12%          45%         4
 Fireball                 Conj/Fire      6%           80%         5


Dungeon Overview and Level Annotations

Branches:
Dungeon (4/15)
 Temple: D:4-7

Altars:


Innate Abilities, Weirdness & Mutations

Your experience applies equally to all skills.
You have very sharp teeth.
Your uncanny sense of smell can sniff out nearby items.


Message History

The foxfire hits the orc wizard.
The orc wizard is almost dead.
The foxfire hits something.
The orc wizard gestures at you while chanting.
The puff of frost hits you. You resist.
* * * LOW HITPOINT WARNING * * *
Something hits you but does no damage.
The orc wizard hits you with a +3 dagger of holy wrath.
* * * LOW HITPOINT WARNING * * *
Something hits you.
* * * LOW HITPOINT WARNING * * *
Casting: Foxfire (safe; 4% risk of failure)
Confirm with . or Enter, or press ? or * to list all spells.
You conjure some foxfire!
The orc wizard hits you with a +3 dagger of holy wrath.
* * * LOW HITPOINT WARNING * * *
Something hits you.
* * * LOW HITPOINT WARNING * * *
The orc wizard hits you with a +3 dagger of holy wrath.
You die...

####### ##.....## ##.......##
######## #.........# #.......
#.........# #....... #...v.o...#
#....... #...v@....# #.......
############...{.....# #.......
....................##
###.......
############.........#
#...###.## #.........# #.### #.#
###.........###†# #.# #
#..............†# #.#
##########.#.............# ###.#
.........................###.<.#


You could see an orc wizard (fast).

Vanquished Creatures
  A worker ant (D:4)
  8 adders
  An ooze (D:2)
  2 worms
  3 orcs (D:3)
  16 giant cockroaches
  9 goblins
  6 hobgoblins
  A quokka (D:3)
  2 ball pythons (D:3)
  3 bats
  5 frilled lizards
  3 kobolds
  10 rats
70 creatures vanquished.

Vanquished Creatures (others)
  124 foxfires
124 creatures vanquished.

Grand Total: 194 creatures vanquished

Notes
Turn   | Place    | Note
-------+----------+-------------------------------------------
     0 | D:1      | Almogavar the Gnoll Wanderer began the quest for the Orb.
     0 | D:1      | Almogavar set off with the following items: a +0 spear, a
                  | scroll of teleportation, a +0 robe; and the following spell
                  | memorised: Foxfire; and the following spells available to
                  | memorise: Conjure Flame, Inner Flame, Sticky Flame,
                  | Fireball
     0 | D:1      | Reached XP level 1. HP: 26/26 MP: 1/1
   653 | D:1      | Reached XP level 2. HP: 22/33 MP: 2/2
  1398 | D:2      | Reached XP level 3. HP: 38/38 MP: 1/3
  1736 | D:2      | Reached skill level 1 in Invocations
  2066 | D:2      | Reached skill level 1 in Short Blades
  2066 | D:2      | Reached skill level 1 in Long Blades
  2066 | D:2      | Reached skill level 1 in Axes
  2066 | D:2      | Reached skill level 1 in Maces & Flails
  2066 | D:2      | Reached skill level 1 in Polearms
  2066 | D:2      | Reached skill level 1 in Staves
  2066 | D:2      | Reached skill level 1 in Slings
  2066 | D:2      | Reached skill level 1 in Bows
  2066 | D:2      | Reached skill level 1 in Crossbows
  2066 | D:2      | Reached skill level 1 in Throwing
  2066 | D:2      | Reached skill level 1 in Armour
  2066 | D:2      | Reached skill level 1 in Stealth
  2066 | D:2      | Reached skill level 1 in Unarmed Combat
  2066 | D:2      | Reached skill level 1 in Spellcasting
  2095 | D:2      | Reached XP level 4. HP: 44/45 MP: 2/5
  3000 | D:3      | Reached skill level 1 in Conjurations
  3000 | D:3      | Reached skill level 1 in Hexes
  3000 | D:3      | Reached skill level 1 in Summonings
  3000 | D:3      | Reached skill level 1 in Necromancy
  3000 | D:3      | Reached skill level 1 in Translocations
  3000 | D:3      | Reached skill level 1 in Transmutations
  3000 | D:3      | Reached skill level 1 in Ice Magic
  3000 | D:3      | Reached skill level 1 in Air Magic
  3000 | D:3      | Reached skill level 1 in Earth Magic
  3000 | D:3      | Reached skill level 1 in Poison Magic
  3197 | D:3      | Reached XP level 5. HP: 51/51 MP: 2/6
  3967 | D:3      | HP: 2/51 [something (2)]
  3967 | D:3      | Slain by an orc wizard

Illustrated notes

Levels and vault maps discovered:
D:1:      nicolae_arrival_somewhat_less_tricky_arrival, layout_basic
D:2:      minmay_roachtagon, layout_loops_corners
D:3:      layout_rooms, chequers_garden
D:4:      layout_rooms, minmay_misc_feat_tower, minivault_24,
          cheibrodos_gnoll_hut, uniq_robin, uniq_blork_the_orc

Skill      XL: |  1  2  3  4  5 |
---------------+----------------+-----
Invocations    | 1 |  1.7
Short Blades   | 1 |  1.5
Long Blades    | 1 |  1.5
Axes           | 1 |  1.5
Maces & Flails | 1 |  1.5
Polearms       | 1 |  1.5
Staves         | 1 |  1.5
Slings         | 1 |  1.5
Bows           | 1 |  1.5
Crossbows      | 1 |  1.5
Throwing       | 1 |  1.5
Armour         | 1 |  1.5
Stealth        | 1 |  1.5
Unarmed Combat | 1 |  1.5
Spellcasting   | 1 |  1.5
Conjurations   | 1 |  1.2
Hexes          | 1 |  1.2
Summonings     | 1 |  1.2
Necromancy     | 1 |  1.2
Translocations | 1 |  1.2
Transmutations | 1 |  1.2
Ice Magic      | 1 |  1.2
Air Magic      | 1 |  1.2
Earth Magic    | 1 |  1.2
Poison Magic   | 1 |  1.2
Dodging        | 3 |  3.0
Shields        | 3 |  3.0
Evocations     | 3 |  3.0
Fighting       | |  8.6
Fire Magic     | |  5.5

Action                   |  1- 3 |  4- 6 || total
-------------------------+-------+-------++-------
Melee: Spear             |    51 |       ||    51
       Bite              |     5 |     9 ||    14
       Staff             |    19 |    86 ||   105
 Cast: Foxfire           |    30 |    48 ||    78
  Use: Scroll            |     4 |     2 ||     6
 Stab: Sleeping          |       |     1 ||     1
Armor: Robe              |    20 |    16 ||    36
Dodge: Dodged            |    61 |    62 ||   123
